 Dungeon Crawl Stone Soup version 0.23.2-33-g5129a83184 (webtiles) character file.

Game seed: 4952151268177735353

10185 Folque the Destroyer (level 11, -13/77 HPs)
             Began as a Grey Draconian Air Elementalist on July 2, 2019.
             Was a High Priest of Sif Muna.
             Mangled by a two-headed ogre
             ... wielding a +0 giant club
              (16 damage)
             ... on level 10 of the Dungeon.
             The game lasted 01:13:39 (10532 turns).

Folque the Destroyer (DrAE)                        Turns: 10532, Time: 01:13:40

Health: -13/77     AC: 13    Str: 12    XL:     11   Next: 32%
Magic:  4/22       EV: 12    Int: 18    God:    Sif Muna [*****.]
Gold:   346        SH:  0    Dex: 15    Spells: 0/24 levels left

rFire    . . .     SeeInvis +   K - staff of air
rCold    . . .     Gourm    .   (no shield)
rNeg     . . .     Faith    +   (armour unavailable)
rPois    .         Spirit   .   (helmet restricted)
rElec    +         Reflect  .   p - +0 cloak
rCorr    .         Harm     .   (no gloves)
MR       .....                  (no boots)
Stlth    ++........             I - amulet of faith
HPRegen  0.22/turn              q - ring of see invisible
MPRegen  0.18/turn              (no ring)

@: very slightly contaminated, slowed, divine energy, very slow
A: walk through water, unfitting armour, talons 2, agile 2, unbreathing,
cold-blooded, AC +12
a: Stop Divine Energy, Channel Magic, Forget Spell, Renounce Religion


You were on level 10 of the Dungeon.
You worshipped Sif Muna.
Sif Muna was extremely pleased with you.
You were hungry.

You visited 1 branch of the dungeon, and saw 10 of its levels.

You collected 586 gold pieces.
You spent 240 gold pieces at shops.

Inventory:

Hand Weapons
 c - a +0 whip of venom
 z - a +0 blowgun
 G - a +1 dagger of freezing
Missiles
 s - 5 poisoned javelins (quivered)
 A - 26 poisoned needles
 F - 5 throwing nets
Armour
 p - a +0 cloak (worn)
 t - a +0 buckler
Magical Staves
 K - an uncursed staff of air (weapon)
Jewellery
 a - an uncursed ring of positive energy {unknown}
 e - an uncursed ring of protection from magic {unknown}
 h - a cursed ring of attention {unknown}
 q - a ring of see invisible (left hand)
 v - a +6 ring of strength {unknown}
 I - an amulet of faith (around neck)
 J - a +2 ring of intelligence {unknown}
Wands
 B - a wand of paralysis (16)
 L - a wand of polymorph (19)
Scrolls
 f - 2 scrolls of amnesia
 i - 2 scrolls of noise {unknown}
 j - 2 scrolls of immolation {unknown}
 k - 7 scrolls of enchant armour {unknown}
 m - 3 scrolls of fog {unknown}
 o - 7 scrolls of remove curse
 w - 3 scrolls of teleportation {unknown}
 y - 2 scrolls of fear {unknown}
 P - a scroll of enchant weapon {unknown}
Potions
 d - a potion of lignification {unknown}
 g - 2 potions of might
 l - 4 potions of mutation
 n - a potion of curing
 r - 2 potions of magic {unknown}
 u - a potion of ambrosia {unknown}
 x - 2 potions of flight {unknown}
 D - 5 potions of resistance
 H - 2 potions of berserk rage {unknown}
 M - 2 potions of invisibility {unknown}
 N - a potion of agility {unknown}
 O - a potion of brilliance {unknown}
 Q - a potion of degeneration {unknown}
Comestibles
 b - 21 rations


   Skills:
 - Level 1.0 Fighting
 - Level 1.7 Dodging
 - Level 1.7 Stealth
 + Level 7.4 Spellcasting
 - Level 10.0 Conjurations
 + Level 3.8 Hexes
 * Level 2.1 Summonings
 - Level 7.1 Air Magic
 - Level 2.3 Poison Magic
 - Level 7.6 Invocations
 - Level 3.4 Evocations


You couldn't memorise any spells.
You knew the following spells:

 Your Spells              Type           Power        Failure   Level  Hunger
a - Shock                 Conj/Air       ####         1%          1    None
b - Swiftness             Chrm/Air       ####....     3%          2    None
c - Static Discharge      Conj/Air       ######..     1%          3    #......
d - Lightning Bolt        Conj/Air       ######....   9%          5    #####..
e - Mephitic Cloud        Conj/Pois/Air  #####...     2%          3    #......
f - Dazzling Spray        Conj/Hex       ####..       1%          3    #......
g - Tukima's Dance        Hex            ###.....     6%          3    #......
h - Summon Lightning Spi  Summ/Air       #####...     16%         4    ###....

Your spell library contained the following spells:

 Spells                   Type           Power        Failure   Level  Hunger
 Magic Dart               Conj           ####         1%          1    None
 Corona                   Hex            ###....      2%          1    None
 Poisonous Vapours        Pois/Air       #####.       2%          2    None
 Slow                     Hex            ###.....     3%          2    None
 Summon Small Mammal      Summ           ##..         4%          1    None
 Conjure Flame            Conj/Fire      ###.....     4%          3    #......
 Airstrike                Air            #####.....   5%          4    ###....
 Confuse                  Hex            ###.....     6%          3    #......
 Call Imp                 Summ           ##......     7%          2    None
 Ensorcelled Hibernation  Hex/Ice        ##....       7%          2    None
 Summon Guardian Golem    Hex/Summ       ###.....     9%          3    #......
 Call Canine Familiar     Summ           ##......     13%         3    #......
 Blink                    Tloc           N/A          16%         2    None
 Summon Ice Beast         Ice/Summ       ##......     54%         4    ###....
 Freezing Cloud           Conj/Ice/Air   #####.....   83%         6    ######.
 Ring of Flames           Chrm/Fire      #.........   100%        7    #######


Dungeon Overview and Level Annotations

Branches:
Dungeon (10/15)            Temple (0/1) D:4             Orc (0/2) D:10
   Lair: D:8-11

Altars:
Ashenzari
Dithmenos
Fedhas
Nemelex Xobeh
Okawaru
Qazlal
Sif Muna
Yredelemnul
Zin

Shops:
D:4 *%(%:

Annotations:
D:8 exclusion: ice statue
D:9 2 transporters


Innate Abilities, Weirdness & Mutations

You can walk through water.
Your dull iron-grey scales are very hard. (AC +12)
You cannot fit into any form of body armour.
You can survive without breathing.
You are cold-blooded and may be slowed by cold attacks.
You have razor-sharp toenails.
You are very agile. (Dex +4)


Message History

The yak closely misses you. The yak gores you!
As you read the scroll labeled OSOIGE COOFF, it crumbles to dust.
You feel blessed for a moment.
It was a scroll of remove curse.
The yak barely misses you. The yak gores you!
* * * LOW HITPOINT WARNING * * *
You feel better. The yak barely misses you.
It was a potion of mutation.
You feel extremely strange.
Your toenails lengthen and sharpen.
You feel agile. x2
Your toenails lengthen and sharpen.
The yak closely misses you. The yak gores you but does no damage.
Blink to where?
Press: ? - help, Dir - move target cursor You are very lightly contaminated with residual magic.
As you read the scroll of blinking, it crumbles to dust.
There is an open door here.
The two-headed ogre hits you with a +0 giant club!!
* * * LOW HITPOINT WARNING * * *
The two-headed ogre hits you with a +0 giant club!
You die...

#§# #.# #.# #######
#############.# #.....#
#...........).###.....#
#..............).......
#.######...............
#.#..<.#...............
#.#...@#..Y....#######.
#.#...O#.O.....#.....#.
#.#...Y#.......#.....#.
#.#....'.......'.....'.
#.#....#.......##....#.
#(#....#........#....#.
#(#....#........#....#.
#(#....#........#....#.
#§######........######.


You could see a two-headed ogre and a yak.

Vanquished Creatures
  Harold (D:8)
  Sonja (D:10)
  Pikel (D:8)
  Joseph (D:7)
  Psyche (D:7)
  6 ice devils (D:8)
  A troll (D:9)
  A hippogriff (D:8)
  The ghost of bmj180 the Digger, an amateur GrEE (D:4)
  7 yaks
  A human (D:7)
  Grum (D:8)
  4 hogs (D:7)
  Edmund (D:6)
  A water moccasin (D:6)
  2 sky beasts
  An ice beast (D:6)
  2 black bears
  4 slaves
  2 orc warriors
  3 phantoms
  6 ogres
  3 wolves (D:8)
  6 centaurs
  2 necrophages
  3 bullfrogs
  A scorpion (D:4)
  4 killer bees (D:9)
  A howler monkey (D:8)
  2 crimson imps
  A bullfrog zombie (D:9)
  A jelly (D:6)
  3 centaur skeletons
  2 orc priests
  A bullfrog skeleton (D:10)
  A gnoll shaman (D:8)
  2 hounds
  An iguana (D:5)
  9 orc wizards
  5 worker ants
  A hound zombie (D:9)
  A hound skeleton (D:5)
  14 gnolls
  2 river rats (D:5)
  9 adders
  6 ufetubi (D:8)
  An adder zombie (D:6)
  2 adder skeletons
  3 worms
  A dart slug (D:2)
  7 leopard geckos
  31 orcs
  5 giant cockroaches
  13 goblins
  14 hobgoblins
  9 jackals
  8 kobolds
  2 quokkas (D:3)
  7 bats
  5 frilled lizards
  A quokka skeleton (D:4)
  9 rats
248 creatures vanquished.

Vanquished Creatures (others)
  A dancing weapon (D:7)
1 creature vanquished.

Grand Total: 249 creatures vanquished

Notes
Turn   | Place    | Note
-------+----------+-------------------------------------------
     0 | D:1      | Folque the Draconian Air Elementalist began the quest for
                  | the Orb.
     0 | D:1      | Reached XP level 1. HP: 14/14 MP: 3/3
   155 | D:1      | Reached XP level 2. HP: 22/22 MP: 5/5
   162 | D:1      | Learned a level 2 spell: Swiftness
   673 | D:1      | Reached skill level 1 in Fighting
   999 | D:2      | Reached XP level 3. HP: 25/28 MP: 1/7
  1008 | D:2      | Learned a level 3 spell: Static Discharge
  1118 | D:2      | Found a shattered altar of Ashenzari.
  1254 | D:2      | Found a shadowy altar of Dithmenos.
  1282 | D:2      | Reached skill level 2 in Conjurations
  1611 | D:3      | Reached XP level 4. HP: 35/35 MP: 8/8
  1705 | D:3      | Found a basalt altar of Yredelemnul.
  1822 | D:3      | Reached XP level 5. HP: 39/40 MP: 5/10
  1921 | D:3      | Noticed an angel
  1922 | D:3      | Found a glowing silver altar of Zin.
  2166 | D:3      | Found a deep blue altar of Sif Muna.
  2174 | D:3      | Became a worshipper of Sif Muna the Loreminder
  2312 | D:4      | Found a staircase to the Ecumenical Temple.
  2664 | D:4      | Reached XP level 6. HP: 33/47 MP: 2/12
  2671 | D:4      | Learned a level 5 spell: Lightning Bolt
  2811 | D:4      | Reached skill level 3 in Conjurations
  2835 | D:4      | Reached * piety under Sif Muna
  3121 | D:4      | Reached skill level 5 in Air Magic
  3223 | D:4      | Reached skill level 5 in Spellcasting
  3223 | D:4      | Your scales start taking on a dull iron-grey colour.
  3223 | D:4      | Reached XP level 7. HP: 10/52 MP: 10/14
  3223 | D:4      | Gained mutation: You can survive without breathing. [Grey
                  | Draconian growth]
  3318 | D:4      | Found Buoren's Book Shoppe.
  3331 | D:4      | Bought a book of Minor Magic for 240 gold pieces
  3335 | D:4      | Learned a level 3 spell: Mephitic Cloud
  3345 | D:4      | Found Soablem's Food Shoppe.
  3459 | D:4      | Found Huragg's Antique Weapon Shoppe.
  3461 | D:4      | Found Zodetilo's Food Shoppe.
  3475 | D:4      | Noticed bmj180's ghost (amateur GrEE)
  3476 | D:4      | Found a runed translucent door.
  3566 | D:4      | Found Hupemp's Assorted Antiques.
  3787 | D:5      | Entered Level 5 of the Dungeon
  3813 | D:5      | Reached ** piety under Sif Muna
  3939 | D:4      | Reached skill level 1 in Poison Magic
  3987 | D:4      | Killed bmj180's ghost
  4204 | D:5      | Reached skill level 4 in Conjurations
  4350 | D:5      | Reached XP level 8. HP: 20/59 MP: 3/16
  4367 | D:5      | Found a stormy altar of Qazlal.
  4413 | D:5      | Reached skill level 5 in Air Magic
  4667 | D:5      | Found an iron altar of Okawaru.
  4818 | D:5      | Reached skill level 5 in Conjurations
  5051 | D:5      | Reached *** piety under Sif Muna
  5334 | D:6      | Reached skill level 6 in Conjurations
  5391 | D:6      | Reached skill level 1 in Invocations
  5571 | D:6      | Noticed Edmund
  5594 | D:6      | Killed Edmund
  5594 | D:6      | Reached XP level 9. HP: 64/64 MP: 0/18
  6245 | D:7      | Found a sparkling altar of Nemelex Xobeh.
  6253 | D:7      | You fall through a shaft for 3 floors!
  6253 | D:10     | Entered Level 10 of the Dungeon
  6433 | D:10     | Reached skill level 7 in Conjurations
  6434 | D:10     | Found a staircase to the Orcish Mines.
  6439 | D:10     | Noticed a two-headed ogre
  6579 | D:9      | Reached **** piety under Sif Muna
  6698 | D:9      | Noticed a wizard
  6700 | D:9      | Noticed a glowing orange brain
  6701 | D:9      | Noticed a purple ugly thing
  6702 | D:9      | Found a transporter.
  6702 | D:9      | Found a transporter.
  6703 | D:9      | Noticed a queen bee
  6783 | D:9      | Noticed a troll
  6799 | D:9      | Killed a troll
  6799 | D:9      | Reached skill level 5 in Invocations
  6927 | D:9      | Reached skill level 8 in Conjurations
  6953 | D:8      | Noticed Pikel
  7100 | D:7      | Found a deep blue altar of Sif Muna.
  7114 | D:7      | Reached XP level 10. HP: 71/71 MP: 8/19
  7320 | D:7      | Reached ***** piety under Sif Muna
  7589 | D:7      | Learned a level 3 spell: Dazzling Spray
  7593 | D:7      | Learned a level 3 spell: Tukima's Dance
  7747 | D:7      | Received a gift from Sif Muna
  7813 | D:7      | Noticed Joseph
  8219 | D:8      | Found a blossoming altar of Fedhas.
  8227 | D:8      | Noticed Harold
  8231 | D:8      | Paralysed by Harold for 4 turns
  8235 | D:8      | Noticed Psyche
  8354 | D:8      | Noticed Grum
  8363 | D:8      | Reached skill level 9 in Conjurations
  8498 | D:8      | Killed Harold
  8716 | D:7      | Killed Joseph
  8958 | D:7      | Reached skill level 10 in Conjurations
  9157 | D:7      | Killed Psyche
  9157 | D:7      | Reached skill level 1 in Hexes
  9200 | D:8      | Killed Grum
  9258 | D:8      | Killed Pikel
  9258 | D:8      | Reached skill level 1 in Evocations
  9344 | D:8      | Noticed an ice statue
  9382 | D:8      | Reached XP level 11. HP: 60/76 MP: 0/21
  9815 | D:9      | Noticed a great orb of eyes
  9958 | D:9      | Noticed a centaur warrior
 10180 | D:9      | Noticed a wolf spider
 10214 | D:9      | Received a gift from Sif Muna
 10221 | D:9      | Learned a level 4 spell: Summon Lightning Spire
 10461 | D:10     | Noticed Sonja
 10473 | D:10     | Reached skill level 1 in Summonings
 10520 | D:10     | Killed Sonja
 10524 | D:10     | Gained mutation: You have sharp toenails. [potion of
                  | mutation]
 10524 | D:10     | Gained mutation: You are agile. (Dex +2) [potion of
                  | mutation]
 10524 | D:10     | Gained mutation: You are very agile. (Dex +4) [potion of
                  | mutation]
 10524 | D:10     | Gained mutation: You have razor-sharp toenails. [potion of
                  | mutation]
 10532 | D:10     | HP: 3/77 [two-headed ogre/+0 giant club (24)]
 10532 | D:10     | Mangled by a two-headed ogre

Skill      XL: |  1  2  3  4  5  6  7  8  9 10 11 |
---------------+----------------------------------+-----
Fighting       | 1 |  1.0
Spellcasting   | 3 4 5 6 7 |  7.4
Conjurations   | 2 3 4 6 8 10 | 10.0
Air Magic      | 4 4 6 7 |  7.1
Poison Magic   | 2 |  2.3
Invocations    | 1 6 7 |  7.6
Hexes          | 2 3 |  3.8
Evocations     | 2 3 |  3.4
Summonings     | 2 |  2.1
Dodging        | |  1.7
Stealth        | |  1.7

Action                   |  1- 3 |  4- 6 |  7- 9 | 10-12 || total
-------------------------+-------+-------+-------+-------++-------
Melee: Unarmed           |     5 |       |       |       ||     5
       Whip              |    72 |   125 |    98 |    11 ||   306
       Tailslap          |     7 |     6 |    23 |     1 ||    37
       Dagger            |       |       |    62 |       ||    62
       Staff             |       |       |    60 |    32 ||    92
 Fire: Blowgun           |       |       |    14 |       ||    14
Throw: Javelin           |       |       |     1 |       ||     1
 Cast: Shock             |    15 |    44 |    89 |    64 ||   212
       Static Discharge  |     1 |    13 |    45 |    39 ||    98
       Mephitic Cloud    |       |       |    12 |    10 ||    22
       Swiftness         |       |       |     3 |     1 ||     4
       Lightning Bolt    |       |       |    17 |    25 ||    42
       Dazzling Spray    |       |       |       |    25 ||    25
       Tukima's Dance    |       |       |       |     2 ||     2
       Summon Lightning  |       |       |       |     1 ||     1
Invok: Divine Energy     |       |       |     1 |       ||     1
Evoke: Wand              |       |       |       |     1 ||     1
  Use: Scroll            |       |     5 |     3 |     3 ||    11
       Potion            |       |       |     2 |     6 ||     8
 Stab: Sleeping          |     5 |     3 |     1 |       ||     9
       Confused          |       |       |     1 |     1 ||     2
       Invisible         |       |       |       |     1 ||     1
  Eat: Chunk             |     2 |     7 |    16 |     8 ||    33
       Ration            |       |       |     1 |     4 ||     5
Armor: Skin              |    29 |    35 |   123 |    62 ||   249
Dodge: Dodged            |    50 |    88 |   185 |    95 ||   418
